 Dungeon Crawl Stone Soup version 0.32-a0-40-g2adb59ae06 (webtiles) character file.

Game seed: 13824019300978743669

1984 cforsyth the Fighter (level 9, 0/71 HPs)
             Began as a Djinni Enchanter on Jan 25, 2024.
             Killed from afar by an electric eel (9 damage)
             ... with a bolt of electricity
             ... on level 6 of the Dungeon.
             The game lasted 00:12:00 (5460 turns).

cforsyth the Fighter (Djinni Enchanter)             Turns: 5460, Time: 00:12:00

Health: 0/71       AC:  4    Str:  7    XL:     9   Next: 44%
Gold:   250        EV: 11    Int: 22    God:
                   SH:  0    Dex: 13

rFire   + + .        m - +2 dagger (venom)
rCold   x . .        (no shield)
rNeg    . . .        n - +0 troll leather armour {Pargi}
rPois   ∞            (no helmet)
rElec   .            t - +0 cloak
rCorr   .            (no gloves)
SInv    .            (boots unavailable)
Will    .....        (no amulet)
Stlth   ++           (no ring)
HPRegen 1.11/turn    (no ring)
MPRegen 0.00/turn

%: infuse magic (-1 HP)
@: flying
A: sickness immunity, fire resistance 2, cold vulnerability 1, float, innate
caster, HP casting, extra vitality 1
a: no special abilities


You were on level 6 of the Dungeon.
You visited 1 branch of the dungeon, and saw 6 of its levels.

You collected 250 gold pieces.

Inventory:

Hand Weapons
 a - a +1 dagger
 m - a +2 dagger of venom (weapon)
Missiles
 p - a throwing net
Armour
 b - a +0 robe
 n - a +0 troll leather armour (worn) {Pargi}
 t - a +0 cloak (worn)
Jewellery
 e - an amulet of the acrobat
 f - an amulet of faith
 g - a ring of positive energy
Wands
 d - a wand of light (7)
 o - a wand of mindburst (28)
 r - a wand of iceblast (12)
Scrolls
 h - 2 scrolls of enchant armour {unknown}
 i - 5 scrolls of identify {unknown}
 j - a scroll of fog {unknown}
 k - a scroll of vulnerability {unknown}
 l - 3 scrolls of teleportation {unknown}
 q - a scroll of revelation {unknown}
 w - 3 scrolls of blinking {unknown}
Potions
 c - 2 potions of invisibility
 s - a potion of attraction {unknown}
 u - a potion of enlightenment {unknown}
 v - a potion of resistance {unknown}
 x - a potion of lignification


   Skills:
 + Level 8.4 Fighting
 - Level 0.8 Short Blades
 - Level 2.1 Dodging
 - Level 2.4 Stealth
 + Level 7.0 Spellcasting
 + Level 7.0 Conjurations
 + Level 7.0 Hexes
 + Level 7.0 Summonings
 + Level 7.0 Necromancy
 + Level 7.0 Translocations
 + Level 7.0 Fire Magic
 + Level 7.0 Ice Magic
 + Level 7.0 Air Magic
 + Level 7.0 Earth Magic
 + Level 7.0 Alchemy


You knew the following spells:

 Your Spells              Type           Power      Damage    Failure   Level
a - Ensorcelled Hibernat  Hex/Ice        76%        N/A       1%          2
b - Confusing Touch       Hex            38%        N/A       1%          3
c - Tukima's Dance        Hex            38%        N/A       1%          3
d - Dazzling Flash        Conj/Hex       76%        N/A       1%          3
e - Shock                 Conj/Air       100%       1d9       1%          1
f - Momentum Strike       Conj/Tloc      76%        3d10      1%          2
g - Passwall              Erth           38%        N/A       1%          3
h - Anguish               Hex/Necr       19%        N/A       7%          4
Your spell library was empty.

Dungeon Overview and Level Annotations

Branches:
Dungeon (6/15)
 Temple: D:4-7

Altars:
Ashenzari
Dithmenos
Trog

Shops:
D:4 (   D:5 ?   D:6 :


Innate Abilities, Weirdness & Mutations

You are immune to sickness and miasma.
You are immune to poison.
Your flesh is very heat resistant. (rF++)
You are vulnerable to cold. (rC-)
You float through the air rather than walking.
You learn spells naturally, not from books.
Your magical power is your life essence.
You have superior vitality. (+4 MHP)


Message History

You hear a splash.
An ice beast comes into view.
An ice beast is nearby!
Okay, then.
You see here a +0 war axe.
You start resting.
HP restored.
There is a large open door here.
An electric eel comes into view.
You can't see any susceptible monsters within range! (Use Z to cast anyway.)
The electric eel shoots out a bolt of lightning at you!
The bolt of electricity misses you. The bolt of electricity hits you.
The bolt of electricity hits the electric eel.
The electric eel completely resists.
The electric eel shoots out a bolt of lightning at you!
The bolt of electricity hits you! x2
The bolt of electricity misses the electric eel.
You barely miss the electric eel.
The electric eel shoots out a bolt of lightning at you!
The bolt of electricity hits you! The bolt of electricity hits you.
The bolt of electricity hits the electric eel.
The electric eel completely resists.
You are too injured to fight recklessly!
You are too injured to fight recklessly!
You closely miss the electric eel.
The electric eel shoots out a bolt of lightning at you!
The bolt of electricity hits you!
* * * LOW HITPOINT WARNING * * *
The bolt of electricity hits you.
* * * LOW HITPOINT WARNING * * *
The bolt of electricity hits the electric eel.
The electric eel completely resists.
The electric eel shoots out a bolt of lightning at you!
The bolt of electricity misses you. The bolt of electricity hits you.
* * * LOW HITPOINT WARNING * * *
The bolt of electricity hits the electric eel.
The electric eel completely resists.
The electric eel shoots out a bolt of lightning at you!
The bolt of electricity hits you!
You die...

##.P.. #.#P.#
#P.... ##.#...
#...~ #..P~P.
#P.~# ##..~~~~
#.~~# #.P~~~~~
#~S~# ##.~~≈≈~.
#~~# ##.~~#≈≈~#
#~## #~~~###.##
##@#####
#~...#...#
##....###.........
#....'.#.........
#....'.'.......(.
##..).###.........
##.#####
#....#...# #†##
##~.###.## #~†#
#~~.#≈~~# ~~~#
##~~~≈≈≈.


You could see an electric eel.

Vanquished Creatures
  Eustachio (D:4)
  A water moccasin (D:5)
  Pargi (D:3)
  A sky beast (D:6)
  A black bear (D:6)
  2 phantoms
  4 scorpions
  2 electric eels (D:6)
  A howler monkey (D:6)
  2 bombardier beetles
  3 hounds
  A gnoll bouda (D:4)
  A jelly (D:4)
  Crazy Yiuf (D:4)
  3 orc priests
  Terence (D:3)
  An iguana (D:5)
  4 orc wizards
  A sleepcap (D:6)
  7 gnolls (D:4)
  6 adders
  3 shadow imps
  2 ufetubi (D:5)
  2 dart slugs
  A ribbon worm (D:4)
  35 orcs
  5 ball pythons
  5 bats
  4 endoplasms
  5 giant cockroaches
  7 goblins
  3 hobgoblins
  8 kobolds
  A quokka (D:3)
  6 frilled lizards
  3 rats
135 creatures vanquished.

Vanquished Creatures (collateral kills)
  Sigmund (D:6)
1 creature vanquished.

Grand Total: 136 creatures vanquished

Notes
Turn   | Place    | Note
-------+----------+-------------------------------------------
     0 | D:1      | cforsyth the Djinni Enchanter began the quest for the Orb.
     0 | D:1      | cforsyth set off with the following spells memorised:
                  | Ensorcelled Hibernation, Confusing Touch, Tukima's Dance,
                  | Dazzling Flash.
     0 | D:1      | Reached XP level 1. HP: 15/15 MP: 0/0
   158 | D:1      | Reached XP level 2. HP: 22/22 MP: 0/0
   296 | D:1      | Reached skill level 1 in Fighting
   934 | D:2      | Reached XP level 3. HP: 27/27 MP: 0/0
   934 | D:2      | Learned a level 1 spell: Shock
  1472 | D:3      | Noticed Pargi
  1526 | D:3      | Noticed Terence
  1639 | D:3      | Killed Terence
  1640 | D:3      | Reached skill level 2 in Fighting
  1640 | D:3      | Reached XP level 4. HP: 4/33 MP: 0/0
  2654 | D:3      | Reached skill level 3 in Fighting
  2654 | D:3      | Reached XP level 5. HP: 32/40 MP: 0/0
  2654 | D:3      | Learned a level 2 spell: Momentum Strike
  2741 | D:3      | Identified the +2 robe "Nyezxusoy" {Dex+5}
  2752 | D:3      | Killed Pargi
  2753 | D:3      | Reached XP level 6. HP: 29/47 MP: 0/0
  2946 | D:3      | Found a faded altar of an unknown god.
  2950 | D:3      | Found a bloodstained altar of Trog.
  3171 | D:4      | Reached skill level 4 in Fighting
  3209 | D:4      | Found a broken altar of Ashenzari.
  3251 | D:4      | Reached XP level 7. HP: 41/53 MP: 0/0
  3251 | D:4      | Learned a level 3 spell: Passwall
  3336 | D:4      | Found a runed translucent door.
  3337 | D:4      | Noticed Crazy Yiuf
  3412 | D:4      | Found Plog's Antique Weapon Boutique.
  3426 | D:4      | Noticed Eustachio
  3439 | D:4      | Killed Eustachio
  3440 | D:4      | Reached skill level 5 in Fighting
  3440 | D:4      | Reached skill level 5 in Spellcasting
  3440 | D:4      | Reached skill level 5 in Conjurations
  3440 | D:4      | Reached skill level 5 in Hexes
  3440 | D:4      | Reached skill level 5 in Summonings
  3440 | D:4      | Reached skill level 5 in Necromancy
  3440 | D:4      | Reached skill level 5 in Translocations
  3440 | D:4      | Reached skill level 5 in Fire Magic
  3440 | D:4      | Reached skill level 5 in Ice Magic
  3440 | D:4      | Reached skill level 5 in Air Magic
  3440 | D:4      | Reached skill level 5 in Earth Magic
  3440 | D:4      | Reached skill level 5 in Alchemy
  3543 | D:4      | Found a shadowy altar of Dithmenos.
  3950 | D:4      | Killed Crazy Yiuf
  4023 | D:5      | Entered Level 5 of the Dungeon
  4173 | D:4      | Reached XP level 8. HP: 61/61 MP: 0/0
  4209 | D:5      | Found Koge's Magic Scroll Boutique.
  4225 | D:5      | Reached skill level 6 in Fighting
  4735 | D:5      | Reached skill level 7 in Fighting
  4864 | D:6      | Noticed Sigmund
  4874 | D:6      | Killed Sigmund
  4903 | D:6      | Found Tuqayn's Book Boutique.
  4930 | D:6      | Reached XP level 9. HP: 67/68 MP: 0/0
  4930 | D:6      | Learned a level 4 spell: Anguish
  4990 | D:6      | Reached skill level 8 in Fighting
  5460 | D:6      | Killed from afar by an electric eel

Illustrated notes

Levels and vault maps discovered:
D:1:      mrwooster_arrival_arrow, layout_loops_cross, minmay_misc_feat_rugged,
          kennysheep_another_room, nicolae_titane
D:2:      layout_loops_ring
D:3:      layout_basic, nicolae_overflow_ecumenical_swirl, minmay_box_of_dots,
          uniq_pargi, uniq_terence
D:4:      layout_cave_pods, lemuel_tele_altar, mainiacjoe_overflow_24_doors,
          serial_shops, shop, serial_column_ruins, column_ruins_hut,
          column_ruins_open_large, column_ruins_corridor_water,
          column_ruins_open_small, column_ruins_open_tiny,
          column_ruins_open_small, column_ruins_columns_T, feat_on_display,
          uniq_crazy_yiuf_cottage, uniq_eustachio
D:5:      layout_gridville, lemuel_coloured_pillars_altar,
          mainiacjoe_overflow_catwalk, serial_shops, shop
D:6:      wad_lake_hut, layout_cave_pools, serial_shops, shop, uniq_sigmund

Skill      XL: |  1  2  3  4  5  6  7  8  9 |
---------------+----------------------------+-----
Spellcasting   | 3 4 5 6 7 |  7.0
Conjurations   | 3 4 5 6 7 |  7.0
Hexes          | 3 4 5 6 7 |  7.0
Summonings     | 3 4 5 6 7 |  7.0
Necromancy     | 3 4 5 6 7 |  7.0
Translocations | 3 4 5 6 7 |  7.0
Fire Magic     | 3 4 5 6 7 |  7.0
Ice Magic      | 3 4 5 6 7 |  7.0
Air Magic      | 3 4 5 6 7 |  7.0
Earth Magic    | 3 4 5 6 7 |  7.0
Alchemy        | 3 4 5 6 7 |  7.0
Fighting       | 1 2 3 4 5 7 8 |  8.4
Short Blades   | |  0.8
Dodging        | |  2.1
Stealth        | |  2.4

Action                     |  1- 3 |  4- 6 |  7- 9 || total
---------------------------+-------+-------+-------++-------
  Melee: Dagger            |    94 |     1 |    67 ||   162
         Punch             |     3 |       |     1 ||     4
   Cast: Shock             |    16 |   105 |   221 ||   342
         Confusing Touch   |     3 |     1 |     6 ||    10
         Ensorcelled Hiber |     1 |       |       ||     1
         Tukima's Dance    |       |       |     2 ||     2
    Use: Potion            |     2 |       |     1 ||     3
   Stab: Sleeping          |     3 |       |       ||     3
         Confused          |     1 |       |     2 ||     3
 Armour: Robe              |    41 |     7 |       ||    48
         Skin              |     4 |     1 |       ||     5
         Troll leather arm |       |     4 |   110 ||   114
  Dodge: Dodged            |    51 |    19 |    55 ||   125

Table legend: (Time is in decaauts)
 A = Elapsed time spent in this place.
 B = Non-inter-level travel time spent in this place.
 C = Inter-level travel time spent in this place.
 D = Time resting spent in this place.
 E = Time spent auto-exploring this place.
 F = Levels seen in this place.
 G = Mean time per level.
                   A        B        C        D        E       F      G
               +--------+--------+--------+--------+--------+-----+--------+
         Total |   5462 |   5228 |    234 |    453 |   3776 |   6 |  910.3 |
       Dungeon |   5462 |   5228 |    234 |    453 |   3776 |   6 |  910.3 |
               +--------+--------+--------+--------+--------+-----+--------+

Top non-repeatable levels by time:
     D:3: 1539 daAuts
     D:4: 1052 daAuts
     D:2: 876 daAuts
     D:1: 725 daAuts
     D:6: 634 daAuts
     D:5: 634 daAuts
